 Dungeon Crawl Stone Soup version 0.23-a0-470-g6f7cfd9 (webtiles) character file.

415 mopl the Chopper (level 6, -8/47 HPs)
             Began as a Demonspawn Fighter on Nov 26, 2018.
             Mangled by an ogre
             ... wielding a +0 giant club
              (23 damage)
             ... on level 6 of the Dungeon.
             The game lasted 00:04:06 (3023 turns).

mopl the Chopper (Demonspawn Fighter)               Turns: 3023, Time: 00:04:07

Health: -8/47      AC:  9    Str: 18    XL:     6   Next: 60%
Magic:  6/6        EV:  7    Int:  9    God:
Gold:   230        SH:  9    Dex: 13    Spells: 5/5 levels left

rFire    . . .     SeeInvis .   a - +0 war axe
rCold    . . .     Gourm    .   c - +0 shield
rNeg     . . .     Faith    .   b - +0 scale mail
rPois    .         Spirit   .   p - +2 hat
rElec    .         Reflect  .   (no cloak)
rCorr    .         Harm     .   (no gloves)
MR       .....                  (no boots)
Stlth    ..........             (no amulet)
HPRegen  1.15/turn              h - +1 ring of protection
MPRegen  0.10/turn              (no ring)

@: no status effects
A: antennae 1, claws 1, hooves 1, powered by death 1
a: no special abilities


You were on level 6 of the Dungeon.
You were very hungry.

You visited 1 branch of the dungeon, and saw 6 of its levels.

You collected 230 gold pieces.

Inventory:

Hand Weapons
 a - a +0 war axe (weapon)
 j - a +0 dagger of venom
 s - the +4 sword of Power
   (You found it on level 4 of the Dungeon)
Missiles
 n - 9 tomahawks (quivered)
 o - 8 needles of sleeping
Armour
 b - a +0 scale mail (worn)
 c - a +0 shield (worn)
 p - a +2 hat (worn)
Jewellery
 h - a +1 ring of protection (left claw)
Scrolls
 e - a scroll of teleportation
 g - a scroll of fog {unknown}
 i - a scroll of immolation {unknown}
 k - a scroll of enchant weapon {unknown}
 q - 2 scrolls of identify {unknown}
Potions
 d - 2 potions of might
 m - 2 potions of curing {unknown}
 r - a potion of ambrosia {unknown}
Comestibles
 f - 13 rations


   Skills:
 - Level 3.0 Fighting
 + Level 6.5 Axes
 - Level 2.6 Armour
 - Level 2.6 Shields


You had 5 spell levels left.
You didn't know any spells.
Your spell library was empty.

Dungeon Overview and Level Annotations

Branches:
Dungeon (6/15)
 Temple: D:4-7

Altars:
Gozag

Annotations:
D:4 3 runed doors, eyesofgods1's ghost, amateur GnTm


Innate Abilities, Weirdness & Mutations

You have a pair of small antennae on your head.
You have sharp fingernails.
You have large cloven feet.
You regenerate a little health from kills.


Message History

The hound bites you.
* * * LOW HITPOINT WARNING * * *
The hound bites you but does no damage.
You closely miss the hound. Your kick misses the hound.
The hound is moderately wounded.
The hound barely misses you. The hound bites you but does no damage.
Unknown command.
Unknown command.
You closely miss the hound. You kick the hound.
The hound is heavily wounded.
The hound bites you but does no damage. The hound barely misses you.
Unknown command.
You hit the hound but do no damage.
The hound is heavily wounded.
The hound bites you but does no damage. The hound closely misses you.
Unknown command.
You slash the hound!
You kill the hound!
The ogre hits you with a +0 giant club!!
You die...

#.........
..........
#.....Y...
#.## ..
###..## .##
##.....#...#.
#...#Y.......
#...#O##.....
##...@# ##...
#....# ..
####.. . #...
..... ......
.......
.#.......


You could see an ice beast and an ogre.

Vanquished Creatures
  2 hounds
  An orc priest (D:4)
  3 orc wizards (D:4)
  Jessica (D:2)
  A worker ant (D:4)
  8 adders
  An ooze (D:4)
  An adder skeleton (D:5)
  4 worms
  3 dart slugs
  6 leopard geckos
  8 orcs
  4 giant cockroaches
  10 goblins
  10 hobgoblins
  5 jackals
  5 kobolds
  5 ball pythons
  5 bats
  2 frilled lizards (D:1)
  4 rats
89 creatures vanquished.

Notes
Turn   | Place    | Note
-------+----------+-------------------------------------------
     0 | D:1      | mopl the Demonspawn Fighter began the quest for the Orb.
     0 | D:1      | Reached XP level 1. HP: 18/18 MP: 1/1
    54 | D:1      | Reached skill level 2 in Axes
   142 | D:1      | Gained mutation: You have a pair of small antennae on your
                  | head. [demonic ancestry]
   142 | D:1      | Reached XP level 2. HP: 21/24 MP: 2/2
   385 | D:1      | Reached skill level 3 in Axes
   452 | D:1      | Gained mutation: You regenerate a little health from kills.
                  | [demonic ancestry]
   452 | D:1      | Reached XP level 3. HP: 24/29 MP: 3/3
  1415 | D:2      | Reached skill level 4 in Axes
  1415 | D:2      | Gained mutation: You have large cloven feet. [demonic
                  | ancestry]
  1415 | D:2      | Reached XP level 4. HP: 35/35 MP: 4/4
  1477 | D:2      | Noticed Jessica
  1480 | D:2      | Killed Jessica
  1935 | D:2      | Reached XP level 5. HP: 24/41 MP: 5/5
  2253 | D:3      | Reached skill level 5 in Axes
  2486 | D:4      | Found a runed gate.
  2486 | D:4      | Found a runed gate.
  2494 | D:4      | Found a runed gate.
  2494 | D:4      | Found an opulent altar of Gozag.
  2497 | D:4      | Noticed eyesofgods1's ghost (amateur GnTm)
  2497 | D:4      | Noticed an orc warrior
  2521 | D:4      | Gained mutation: You have sharp fingernails. [demonic
                  | ancestry]
  2521 | D:4      | Reached XP level 6. HP: 45/47 MP: 6/6
  2650 | D:4      | Found the +0 sword of Power
  2657 | D:4      | Reached skill level 6 in Axes
  2811 | D:5      | Entered Level 5 of the Dungeon
  2817 | D:5      | Noticed a sky beast
  2849 | D:6      | Noticed a sky beast
  3014 | D:6      | Noticed an ice beast
  3023 | D:6      | Mangled by an ogre

Vault maps used:
D:1:      dpeg_arrival_brainrot, chequers_garden, serial_bayou_pond_e,
          solitary_fountain, chequers_serial_rivers_micro_d, nrook_mini_vaults
D:2:      minmay_hexomino_u4, uniq_jessica
D:3:      first_ration
D:4:      ebering_ghost_gozag
D:5:      ebering_ghost_sewer_d, amethyst_killhole, goddamned_bats
D:6:      lemuel_round_altar

Skill      XL: |  1  2  3  4  5  6 |
---------------+-------------------+-----
Axes           | 2 3 4 5 6 |  6.5
Fighting       | |  3.0
Armour         | |  2.6
Shields        | |  2.6

Action                   |  1- 3 |  4- 6 || total
-------------------------+-------+-------++-------
Melee: War axe           |   108 |   133 ||   241
       Kick              |       |    38 ||    38
  Use: Scroll            |       |     1 ||     1
  Eat: Chunk             |     2 |     4 ||     6
Armor: Scale mail        |    58 |    86 ||   144
Dodge: Dodged            |    32 |    42 ||    74
Block: Shield            |    49 |    65 ||   114

Table legend:
 A = Non-vault XP
 B = Vault XP
 C = Vault XP percentage of total XP
 D = Non-vault monster count
 E = Vault monster count
 F = Vault count percentage of total count
                 A         B        C        D         E       F
            +---------+---------+-------+---------+---------+-------
      Total |     516 |      78 |  13.1 |      82 |       7 |   7.9
            +---------+---------+-------+---------+---------+-------
        D:1 |      50 |      16 |  24.2 |      27 |       2 |   6.9
        D:2 |      72 |      62 |  46.3 |      15 |       5 |  25.0
        D:3 |      31 |       0 |   0.0 |      14 |       0 |   0.0
        D:4 |     297 |       0 |   0.0 |      21 |       0 |   0.0
        D:5 |      24 |       0 |   0.0 |       4 |       0 |   0.0
        D:6 |      42 |       0 |   0.0 |       1 |       0 |   0.0
            +---------+---------+-------+---------+---------+-------
